 Dungeon Crawl Stone Soup version 0.26-a0-812-g31a745ddcd (webtiles) character file.

Game seed: 14196279779674815026

107 kae the Skirmisher (level 4, -5/41 HPs)
             Began as a Hill Orc Fighter on Dec 3, 2020.
             Killed by nerve-wracking pain
             ... invoked by Grinder
              (13 damage)
             ... on level 3 of the Dungeon.
             The game lasted 00:00:52 (2070 turns).

kae the Skirmisher (Hill Orc Fighter)               Turns: 2070, Time: 00:00:53

Health: -5/41      AC:  7    Str: 19    XL:     4   Next: 85%
Magic:  4/4        EV:  7    Int:  8    God:
Gold:   127        SH:  9    Dex: 10    Spells: 3/3 levels left

rFire    . . .     SeeInvis .   a - +0 war axe
rCold    . . .     Faith    .   c - +0 kite shield
rNeg     . . .     Spirit   .   b - +0 scale mail
rPois    +         Reflect  .   (no helmet)
rElec    .         Harm     .   (no cloak)
rCorr    .         Rampage  .   (no gloves)
MR       .....                  (no boots)
Stlth    ..........             (no amulet)
HPRegen  0.13/turn              h - ring of poison resistance
MPRegen  0.09/turn              (no ring)

@: no status effects
A: no striking features
a: no special abilities


You were on level 3 of the Dungeon.
You visited 1 branch of the dungeon, and saw 3 of its levels.

You collected 127 gold pieces.

Inventory:

Hand Weapons
 a - a +0 war axe (weapon)
Armour
 b - a +0 scale mail (worn)
 c - a +0 kite shield (worn)
Jewellery
 h - a ring of poison resistance (left hand)
Scrolls
 f - 4 scrolls of identify {unknown}
 g - a scroll of enchant armour {unknown}
 j - 3 scrolls of teleportation {unknown}
 k - a scroll of amnesia {unknown}
 l - a scroll of immolation {unknown}
 m - a scroll of fog {unknown}
Potions
 d - a potion of might
 e - a potion of invisibility {unknown}
 i - a potion of flight {unknown}
 n - a potion of attraction {unknown}
 o - a potion of haste {unknown}


   Skills:
 + Level 4.3 Fighting
 * Level 4.3 Axes
 + Level 3.7 Armour
 + Level 1.1 Dodging
 + Level 3.8 Shields


You had 3 spell levels left.
You didn't know any spells.
Your spell library was empty.

Dungeon Overview and Level Annotations

Branches:
Dungeon (3/15)

Altars:
Elyvilon
Okawaru

Annotations:
D:3 Grinder


Message History

You hit Grinder.
Grinder is lightly wounded.
You block Grinder's attack.
You closely miss Grinder.
Grinder is lightly wounded.
You block Grinder's attack.
You barely miss Grinder.
Grinder is lightly wounded.
Grinder says, "There's only one good use for a tongue: cutting it out."
Grinder hits you.
You writhe in agony.
* * * LOW HITPOINT WARNING * * *
Grinder hits you.
* * * LOW HITPOINT WARNING * * *
You writhe in agony.
* * * LOW HITPOINT WARNING * * *
Your scale mail prevents you from hitting Grinder.
Grinder is lightly wounded.
Grinder gestures at you. Pain shoots through your body!
You die...

#...# ### #...##..
....... #.....
#....# #....#
#.5(.# .(. #.@# #.#
#..# #.# #..# #.#
#..#### #.# #.†...#
#.# #..##.# #.#
#..##.#########.###
#..##..............
#..############†###


You could see Grinder.

Vanquished Creatures
  2 adders (D:2)
  An ooze (D:2)
  An adder skeleton (D:3)
  3 worms
  A dart slug (D:1)
  2 leopard geckos
  An orc (D:3)
  6 giant cockroaches
  5 goblins
  11 hobgoblins
  3 quokkas
  7 bats
  3 frilled lizards
  7 kobolds
  12 rats
65 creatures vanquished.

Notes
Turn   | Place    | Note
-------+----------+-------------------------------------------
     0 | D:1      | kae the Hill Orc Fighter began the quest for the Orb.
     0 | D:1      | Reached XP level 1. HP: 19/19 MP: 1/1
    60 | D:1      | Reached XP level 2. HP: 26/27 MP: 2/2
   410 | D:1      | Reached XP level 3. HP: 33/33 MP: 3/3
  1282 | D:2      | Reached XP level 4. HP: 36/40 MP: 4/4
  1425 | D:2      | Reached skill level 1 in Dodging
  1550 | D:2      | Found a white marble altar of Elyvilon.
  1553 | D:2      | Found an iron altar of Okawaru.
  2058 | D:3      | Noticed Grinder
  2060 | D:3      | Paralysed by Grinder for 3 turns
  2070 | D:3      | Killed from afar by Grinder

Illustrated notes

Levels and vault maps discovered:
D:1:      sevenhm_arrival_forest_fort_small_3, layout_basic, minmay_octomino_e4
D:2:      layout_loops_corners, minitemple
D:3:      layout_loops_ring, lemuel_coloured_pillars_altar,
          nicolae_overflow_hidden_temple, chequers_ecumenical_altar_twisty,
          uniq_terence, uniq_grinder

Skill      XL: |  1  2  3  4 |
---------------+-------------+-----
Axes           | 3 4 |  4.3
Fighting       | 4 |  4.3
Dodging        | 1 |  1.1
Armour         | |  3.7
Shields        | |  3.8

Action                   |  1- 3 |  4- 6 || total
-------------------------+-------+-------++-------
Melee: War axe           |   135 |    69 ||   204
Armor: Scale mail        |    83 |    16 ||    99
Dodge: Dodged            |    51 |    13 ||    64
Block: Kite shield       |    76 |    29 ||   105

Table legend: (Time is in decaauts)
 A = Elapsed time spent in this place.
 B = Non-inter-level travel time spent in this place.
 C = Inter-level travel time spent in this place.
 D = Time resting spent in this place.
 E = Time spent auto-exploring this place.
 F = Levels seen in this place.
 G = Mean time per level.
                   A        B        C        D        E       F      G
               +--------+--------+--------+--------+--------+-----+--------+
         Total |   2149 |   2089 |     60 |      0 |   1629 |   3 |  716.3 |
       Dungeon |   2149 |   2089 |     60 |      0 |   1629 |   3 |  716.3 |
               +--------+--------+--------+--------+--------+-----+--------+

Top non-repeatable levels by time:
     D:2: 1164 daAuts
     D:1: 864 daAuts
     D:3: 120 daAuts
